 Dungeon Crawl Stone Soup version 0.30-b1-2-g02819fbbbe (webtiles) character file.

Game seed: 3685727485543379500

10 Alarkh the Sneak (level 2, 2/24 HPs)
             Began as a Demonspawn Delver on May 22, 2023.
             Quit the game on level 3 of the Dungeon.
             The game lasted 00:00:41 (392 turns).

Alarkh the Sneak (Demonspawn Delver)                 Turns: 392, Time: 00:00:42

Health: 2/24       AC:  3    Str: 12    XL:     2   Next: 10%
Magic:  2/2        EV: 11    Int: 11    God:
Gold:   16         SH:  0    Dex: 14    Spells: 1/1 levels left

rFire   . .          .
                       - Unarmed
rCold   . . .        (no shield)
rNeg    . . .        a - +0 leather armour
rPois   .            (no helmet)
rElec   .            (no cloak)
rCorr   .            (no gloves)
SInv    .            (no boots)
Will    .....        (no amulet)
Stlth   ++           (no ring)
HPRegen 0.24/turn    (no ring)
MPRegen 0.08/turn

%: no passive effects
@: brilliant, lethally poisoned (2 -> -3)
A: claws 1
a: no special abilities


You were on level 3 of the Dungeon.
You visited 1 branch of the dungeon, and saw 3 of its levels.

You collected 16 gold pieces.

Inventory:

Armour
 a - a +0 leather armour (worn)
Wands
 f - a wand of digging (3)
Scrolls
 b - a scroll of fog
 c - a scroll of magic mapping
 d - 2 scrolls of fear
 g - 2 scrolls of identify {unknown}
 h - a scroll of amnesia {unknown}
Potions
 i - a potion of brilliance


   Skills:
 - Level 3.0 Fighting
 - Level 1.7 Dodging
 - Level 4.5 Stealth
 + Level 2.5 Unarmed Combat


You had one spell level left.
You didn't know any spells.
Your spell library contained the following spells:

 Spells                   Type           Power      Damage    Failure   Level
 Beastly Appendage        Tmut           0%         N/A       41%         1
 Wereblood                Tmut           0%         N/A       56%         2
 Spider Form              Tmut/Pois      0%         N/A       80%         3


Dungeon Overview and Level Annotations

Branches:
Dungeon (5/15)
 Temple: D:4-7

Altars:
Trog


Innate Abilities, Weirdness & Mutations

You have sharp fingernails.


Message History

The adder hisses angrily.
The rat barely misses you.
Your unstable footing causes you to fumble your attack.
The rat bites you but does no damage.
Your unstable footing causes you to fumble your attack.
The adder completely misses you.
The rat twitches its whiskers.
The rat misses you.
Your unstable footing causes you to fumble your attack.
The adder closely misses you. The adder bites you.
You are poisoned.
The adder poisons you! The rat bites you.
You closely miss the adder.
You feel sick. The adder bites you.
You are more poisoned.
The adder poisons you! The adder closely misses you. The rat misses you.
You miss the adder.
You feel sick. The adder bites you but does no damage. The adder bites you.
The rat closely misses you. The adder misses you.
You closely miss the adder.
You feel sick. The adder barely misses you. The adder closely misses you. x2
You barely miss the adder.
You feel sick. The rat barely misses you. The adder misses you.
The adder closely misses you.
Your unstable footing causes you to fumble your attack.
You feel sick. The rat bites you but does no damage.
The adder bites you but does no damage. The adder bites you.
It was a potion of brilliance.
You feel clever all of a sudden.
You feel sick. The rat closely misses you. The adder barely misses you.
The adder closely misses you. The rat attacks as you move away!
The rat bites you but does no damage. The adder attacks as you move away!
The adder bites you.
* * * LOW HITPOINT WARNING * * *
You are more poisoned.
The adder poisons you!
* * * LOW HITPOINT WARNING * * *
You feel sick. The adder bites you but does no damage.
The adder barely misses you. The adder bites you.
* * * LOW HITPOINT WARNING * * *
Okay, then.
Unknown command.
Are you sure you want to abandon this character and quit the game? (Confirm with "yes".)

.~~~~~P.# #. #†#
##~.♣~~..# #.# #.#
#.~~~~P~P# #.# #.#
..~~≈~~~.##
#.#####.#
#)~.≈≈~~..#
#.#...#.#
#..~~~~~..#
#.......#
#♣~~~~.~♣.#
#.._.####
+.~~~~$SS.# ##....#
#..♣.~rP@.####...###
#...♣♣..........##
#..............##
#........#######
.......>. ..S....##
.:.....# .......
#...


You could see 2 adders, a ball python and a rat.

Vanquished Creatures
  An adder (D:3)
  A ball python (D:4)
2 creatures vanquished.

Notes
Turn   | Place    | Note
-------+----------+-------------------------------------------
     0 | D:5      | Alarkh the Demonspawn Delver began the quest for the Orb.
     0 | D:5      | Reached XP level 1. HP: 18/18 MP: 1/1
   226 | D:3      | Found a bloodstained altar of Trog.
   258 | D:3      | Gained mutation: You have sharp fingernails. [demonic
                  | ancestry]
   258 | D:3      | Reached XP level 2. HP: 8/24 MP: 2/2
   392 | D:3      | Quit the game

Illustrated notes

Levels and vault maps discovered:
D:3:      layout_basic, mainiacjoe_overflow_24_doors, bloody_trog,
          mainiacjoe_overflow_swirl, minivault_23, serial_bayou_pond_b
D:4:      cheibrodos_barr_body, layout_layer_cave
D:5:      wander_river, layout_cave_pools, mainiacjoe_overflow_alcove_4,
          serial_gnoll_camp, gnoll_camp_mini_loothouse, grums_kennel,
          gnoll_camp_mini_hut, gnoll_camp_mini_hut, gnoll_camp_mini_sergeant,
          gnoll_camp_mini_hut, uniq_menkaure, uniq_prince_ribbit1

Skill      XL: |  1 |
---------------+----+-----
Unarmed Combat | 2 |  2.5
Fighting       | |  3.0
Dodging        | |  1.7
Stealth        | |  4.5

Action                     || total
---------------------------++-------
  Melee: Unarmed           ||    29
         Punch             ||     1
    Use: Potion            ||     2
 Armour: Leather armour    ||    11
  Dodge: Dodged            ||    26
